 Dungeon Crawl Stone Soup version 0.32-a0-422-g28b100f618 (webtiles) character file.

Game seed: 16667653865894559925

2662 adelrune the Covered (level 9, -1/51 (75) HPs)
             Began as an Armataur Fighter on Feb 21, 2024.
             Was a Follower of Yredelemnul.
             Slain by a wight
             ... wielding a +0 battleaxe
              (2 damage)
             ... on level 6 of the Dungeon.
             The game lasted 00:20:31 (5909 turns).

adelrune the Covered (Armataur Fighter)             Turns: 5909, Time: 00:20:32

HP:   -1/51 (75)    AC: 15    Str: 27    XL:     9   Next: 36%
MP:   9/9           EV:  5    Int:  8    God:    Yredelemnul [*.....]
Gold: 228           SH:  5    Dex:  9    Spells: 8/8 levels left

rFire   . . .        d - +0 morningstar
rCold   . . .        c - +0 buckler
rNeg    . . .        B - +0 plate armour
rPois   .            (no helmet)
rElec   .            (no cloak)
rCorr   .            (no gloves)
SInv    .            (no barding)
Will    +....        (no amulet) Stlth
                     n - +4 ring of protection
HPRegen 0.28/turn    q - ring of willpower
MPRegen 0.11/turn

%: roll
@: wreathed by umbra, very heavily drained
A: large, deformed body, tough skin 3, armoured tail, roll 2
a: Renounce Religion, Light the Black Torch, Recall Undead Harvest


You were on level 6 of the Dungeon.
You worshipped Yredelemnul.
Yredelemnul was noncommittal.
You visited 1 branch of the dungeon, and saw 6 of its levels.

You collected 435 gold pieces.
You spent 207 gold pieces at shops.

Inventory:

Hand Weapons
 d - a +0 morningstar (weapon)
 x - the +1 morningstar of Valour {flame, rPois rF+ rC- Dex+3}
   (You bought it in a shop on level 1 of the Dungeon)

   Dex+3:     It affects your dexterity (+3).
   rF+:       It protects you from fire.
   rC-:       It makes you vulnerable to cold.
   rPois:     It protects you from poison
Armour
 c - a +0 buckler (worn)
 u - a +0 chain mail
 B - a +0 plate armour (worn)
Jewellery
 n - a +4 ring of protection (left hand)
 q - a ring of willpower (right hand)
 t - a +6 ring of dexterity
 w - a ring of resist corrosion
 E - a ring of ice
Wands
 F - a wand of polymorph (6)
Scrolls
 a - a scroll of noise {unknown}
 b - a scroll of vulnerability {unknown}
 f - a scroll of revelation {unknown}
 i - 7 scrolls of identify {unknown}
 k - 3 scrolls of amnesia {unknown}
 o - a scroll of summoning {unknown}
 p - a scroll of brand weapon {unknown}
 r - 4 scrolls of blinking {unknown}
 s - a scroll of immolation {unknown}
 y - a scroll of poison {unknown}
 A - a scroll of teleportation {unknown}
 C - a scroll of silence {unknown}
Potions
 e - a potion of mutation {unknown}
 g - a potion of berserk rage {unknown}
 h - 2 potions of curing {unknown}
 j - a potion of attraction {unknown}
 l - a potion of degeneration {unknown}
 m - 2 potions of cancellation {unknown}
 v - a potion of haste {unknown}
 z - 2 potions of brilliance {unknown}
 D - a potion of magic {unknown}


   Skills:
 + Level 5.8 Fighting
 * Level 7.6 Maces & Flails
 + Level 7.8 Armour
 + Level 7.1 Shields


You had 8 spell levels left.
You didn't know any spells.
Your spell library contained the following spells:

 Spells                   Type           Power      Damage    Failure   Level
 Kiss of Death            Conj/Necr      0%         2d5       99%         1
 Shock                    Conj/Air       0%         1d3       99%         1
 Ensorcelled Hibernation  Hex/Ice        0%         N/A       100%        2
 Static Discharge         Conj/Air       0%         3-3/arc   100%        2
 Fugue of the Fallen      Necr           0%         N/A       100%        3
 Ozocubu's Armour         Ice            0%         N/A       100%        3
 Stone Arrow              Conj/Erth      0%         3d7       100%        3
 Summon Ice Beast         Ice/Summ       0%         N/A       100%        3
 Swiftness                Air            0%         N/A       100%        3
 Airstrike                Air            0%         2d(0-16)  100%        4
 Anguish                  Hex/Necr       0%         N/A       100%        4
 Cause Fear               Hex            0%         N/A       100%        4
 Fulminant Prism          Conj/Alch      0%         3d5       100%        4
 Manifold Assault         Tloc           0%         N/A       100%        4
 Summon Lightning Spire   Summ/Air       0%         N/A       100%        4
 Iskenderun's Battlesphe  Conj           0%         2d6       100%        5
 Summon Mana Viper        Hex/Summ       0%         N/A       100%        5
 Enfeeble                 Hex            0%         N/A       100%        7
 Monstrous Menagerie      Summ           0%         N/A       100%        7


Dungeon Overview and Level Annotations

Branches:
Dungeon (6/15)             Temple (0/1) D:6

Altars:
Makhleb
Vehumet
Xom
Yredelemnul
The Shining One

Shops:
D:1 (   D:2 [


Innate Abilities, Weirdness & Mutations

Armour fits poorly on your strangely shaped body.
You have extremely tough skin. (AC +3)
You have a long armoured tail.
You regenerate magic and health when rolling toward enemies. (Rampage Regen)


Message History

The wight is lightly damaged.
The wight barely misses you.
You completely miss the wight.
The wight is lightly damaged.
The wight hits you but does no damage. x2
You hit the wight.
The wight is lightly damaged.
The wight barely misses you. x2
You impale the wight!!
You destroy the wight!
The wight hits you but does no damage. The wight completely misses you.
Things that are here:
a +4 battleaxe; a +0 robe The wight hits you from afar with a +1 halberd!
You feel drained. You block the wight's attack.
The wight hits you but does no damage. The wight attacks as it pursues you!
You block the wight's attack. The wight attacks as it pursues you!
The wight barely misses you. The wight attacks as it pursues you!
The wight hits you from afar with a +1 halberd!
The wight attacks as it pursues you! The wight hits you with a +0 battleaxe.
There is an open door, spattered with blood here.
You barely miss the wight.
The wight hits you from afar with a +1 halberd!
* * * LOW HITPOINT WARNING * * *
You feel drained.
* * * LOW HITPOINT WARNING * * *
The wight hits you with a +0 battleaxe!
* * * LOW HITPOINT WARNING * * *
You feel drained.
* * * LOW HITPOINT WARNING * * *
The wight hits you but does no damage.
You barely miss the wight. The wight barely misses you.
The wight hits you from afar with a +1 halberd.
* * * LOW HITPOINT WARNING * * *
You barely miss the wight. The wight hits you with a +0 battleaxe.
You die...
Your body rises from the dead as a mindless zombie.

#..##..##..#.......#
#..##..##..#.......#
#......#...#.......#
#......'...#.......#
'......###'##'###+##
#......##..##..##.######
#..##..##..............#
#..###+##..............#
........#.......@......#
.......##..##.##z#######..
##.############..z........
### #...........
#...........
##+####.......... .
#.....#.......##
..##.....#.).....#
.........'.......#


You could see 2 wights.

Vanquished Creatures
  Jeremiah (D:6)
  3 ice beasts
  2 black bears
  2 ogres
  A phantom (D:5)
  4 scorpions (D:5)
  2 wights (D:6)
  5 hounds
  5 orc priests
  2 jellies
  4 iguanas
  A sleepcap (D:5)
  Natasha (thrice) (D:2)
  4 orc wizards
  A statue (D:6)
  3 gnolls (D:4)
  17 adders
  A white imp (D:6)
  2 ufetubi (D:6)
  2 ribbon worms
  15 orcs
  10 ball pythons
  6 endoplasms
  3 giant cockroaches
  8 goblins
  6 hobgoblins
  5 jackals
  6 quokkas
  8 bats
  3 frilled lizards
  8 kobolds
  8 rats
151 creatures vanquished.

Vanquished Creatures (collateral kills)
  Prince Ribbit (D:6)
  A sleepcap (D:5)
  An orc (D:6)
  A quokka (D:4)
4 creatures vanquished.

Vanquished Creatures (others)
  A barachi zombie (D:6)
  An ice beast zombie (D:6)
  An ogre zombie (D:6)
  2 hound zombies (D:6)
  An adder zombie (D:6)
  2 orc zombies
  A quokka zombie (D:5)
  A spectral ufetubus (D:6)
10 creatures vanquished.

Grand Total: 165 creatures vanquished

Notes
Turn   | Place    | Note
-------+----------+-------------------------------------------
     0 | D:1      | adelrune the Armataur Fighter began the quest for the Orb.
     0 | D:1      | Reached XP level 1. HP: 18/18 MP: 1/1
   175 | D:1      | Found Iramuab's Antique Weapon Shop.
   198 | D:1      | Reached XP level 2. HP: 25/25 MP: 2/2
   291 | D:1      | Found a faded altar of an unknown god.
   371 | D:1      | Reached XP level 3. HP: 30/30 MP: 3/3
  1153 | D:2      | Reached XP level 4. HP: 36/38 MP: 4/4
  1277 | D:2      | Found a glowing golden altar of the Shining One.
  1601 | D:2      | Noticed Natasha
  1605 | D:2      | Killed Natasha
  1606 | D:2      | Reached XP level 5. HP: 29/45 MP: 5/5
  1727 | D:2      | Noticed Natasha
  1732 | D:2      | Killed Natasha
  1741 | D:2      | Found Bashrec's Armour Shoppe.
  1802 | D:2      | Noticed Natasha
  1805 | D:2      | Killed Natasha
  2377 | D:3      | You fall into a shaft and drop 3 floors!
  2393 | D:6      | Reached XP level 6. HP: 51/51 MP: 6/6
  2404 | D:6      | Reached skill level 5 in Armour
  2507 | D:5      | Entered Level 5 of the Dungeon
  2848 | D:4      | Gained mutation: You regenerate magic and health when
                  | rolling toward enemies. (Rampage Regen) [Armataur growth]
  2848 | D:4      | Reached XP level 7. HP: 56/59 MP: 7/7
  2940 | D:1      | Bought a faintly glowing morningstar for 207 gold pieces
  2940 | D:1      | Identified the +1 morningstar of Valour {flame, rPois rF+
                  | rC- Dex+3} (You bought it in a shop on level 1 of the
                  | Dungeon)
  3381 | D:4      | Reached skill level 5 in Shields
  3566 | D:4      | Reached skill level 5 in Maces & Flails
  3765 | D:4      | Identified the +4 ring mail of the Four Dances {rC- Will+++
                  | rCorr Slay+6}
  3799 | D:4      | Found a basalt altar of Yredelemnul.
  3814 | D:4      | Became a worshipper of Yredelemnul the Fallen
  3857 | D:4      | Found a burning altar of Makhleb.
  4149 | D:5      | Reached XP level 8. HP: 67/67 MP: 8/8
  4298 | D:5      | Found a shimmering altar of Xom.
  4351 | D:5      | Got Filliug's Cyclopedia of Destruction
  4353 | D:5      | Upgraded the game from 0.32-a0-411-g744942f433 to
                  | 0.32-a0-422-g28b100f618
  4448 | D:5      | Reached skill level 5 in Fighting
  4967 | D:6      | Reached * piety under Yredelemnul
  4986 | D:6      | Found a radiant altar of Vehumet.
  5032 | D:6      | Found a staircase to the Ecumenical Temple.
  5135 | D:6      | Reached XP level 9. HP: 42/74 MP: 9/9
  5307 | D:6      | Noticed Prince Ribbit
  5327 | D:6      | Killed Prince Ribbit
  5580 | D:6      | Noticed Jeremiah
  5729 | D:6      | Killed Jeremiah
  5883 | D:6      | Your ally Jeremiah died
  5908 | D:6      | HP: 1/51 [wight/+1 halberd (2)]
  5909 | D:6      | Slain by a wight

Illustrated notes

Levels and vault maps discovered:
D:1:      dpeg_arrival_brainrot, layout_basic,
          hellmonk_ecumenical_altar_arch_garden, serial_shops, shop,
          grunt_decor_one_mirror
D:2:      layout_loops_ring, serial_shops, nicolae_shop_back_alley_shop,
          basic_altar, uniq_natasha
D:3:      layout_basic, interstate_on_off
D:4:      layout_loops_ring, marbit_many_paths, mainiacjoe_overflow_chevrons
D:5:      layout_basic, mainiacjoe_overflow_concentric_impassable, minmay_puff
D:6:      layout_gridville, vehumet_statue, minmay_temple_entry_purple_smoke,
          minmay_misc_feat_enclosed, minivault_10, grunt_decor_clamped,
          uniq_blork_the_orc, uniq_jeremiah, uniq_prince_ribbit1, uniq_sigmund

Skill      XL: |  1  2  3  4  5  6  7  8  9 |
---------------+----------------------------+-----
Maces & Flails | 2 3 4 5 7 |  7.6
Armour         | 4 5 6 7 |  7.8
Fighting       | 3 4 5 |  5.8
Shields        | 4 5 6 7 |  7.1

Action                     |  1- 3 |  4- 6 |  7- 9 || total
---------------------------+-------+-------+-------++-------
  Melee: Flail             |   131 |   108 |       ||   239
         Tailslap          |    11 |    13 |    31 ||    55
         Morningstar       |       |    39 |   283 ||   322
         Unarmed           |       |       |    33 ||    33
 Invoke: Light the Black T |       |       |     3 ||     3
    Use: Potion            |       |     2 |       ||     2
   Stab: Distracted        |       |       |     1 ||     1
 Armour: Scale mail        |   105 |    54 |       ||   159
         Chain mail        |       |    58 |   194 ||   252
         Plate armour      |       |       |    41 ||    41
         Skin              |       |       |     6 ||     6
  Dodge: Dodged            |    72 |    45 |    78 ||   195
  Block: Buckler           |    30 |    27 |    59 ||   116

Table legend: (Time is in decaauts)
 A = Elapsed time spent in this place.
 B = Non-inter-level travel time spent in this place.
 C = Inter-level travel time spent in this place.
 D = Time resting spent in this place.
 E = Time spent auto-exploring this place.
 F = Levels seen in this place.
 G = Mean time per level.
                   A        B        C        D        E       F      G
               +--------+--------+--------+--------+--------+-----+--------+
         Total |   6049 |   5817 |    232 |    484 |   3560 |   6 | 1008.2 |
       Dungeon |   6049 |   5817 |    232 |    484 |   3560 |   6 | 1008.2 |
               +--------+--------+--------+--------+--------+-----+--------+

Top non-repeatable levels by time:
     D:6: 1210 daAuts
     D:1: 1095 daAuts
     D:5: 1071 daAuts
     D:3: 964 daAuts
     D:2: 876 daAuts
     D:4: 831 daAuts
